 Dungeon Crawl Stone Soup version 0.18-a0-1372-gd644665 (webtiles) character file.

1003 M4edhros the Covert (level 8, -11/52 HPs)
             Began as an Octopode Monk on Feb 21, 2016.
             Was a High Priest of Ru.
             Mangled by a gnoll
             ... wielding a +0 halberd
              (12 damage)
             ... on level 7 of the Dungeon.
             The game lasted 00:15:56 (2111 turns).

M4edhros the Covert (Octopode Monk)                 Turns: 2111, Time: 00:15:56

Health: -11/52     AC:  1    Str:  8    XL:     8   Next: 20%
Magic:  5/8        EV: 18    Int: 13    God:    Ru [*****.]
Gold:   152        SH:  0    Dex: 21    Spells: 0 memorised, 7 levels left

rFire  . . .     SeeInvis .       - Unarmed
rCold  + . .     Gourm    .     (no shield)
rNeg   . . .     Faith    .     (helmet restricted)
rPois  .         Spirit   .     (no amulet)
rElec  .         Dismiss  .     (no ring)
rCorr  .         Reflect  .     h - ring of protection from cold
SustAt .         Harm     .     (no ring)
MR     .....                    (no ring)
Stlth  +++++++...               (no ring)
                                (no ring)
                                (no ring)
                                (no ring)

@: agile, exhausted, drained, not resistant to hostile enchantments, extremely
stealthy
A: almost no armour, amphibious, 8 rings, constrict 8, repulsion field 1,
camouflage 1, weak 1, gelatinous body 1, subdued magic 1, inability to use
devices, inability to train dodging
a: Draw Out Power, Power Leap, Apocalypse, Renounce Religion


You were on level 7 of the Dungeon.
You worshipped Ru.
Ru was extremely pleased with you.
You were near starving.

You visited 2 branches of the dungeon, and saw 7 of its levels.

You collected 152 gold pieces.

Inventory:

Missiles
 d - 80 stones (quivered)
Jewellery
 h - a ring of protection from cold (right tentacle)
Scrolls
 b - a scroll of recharging
 c - 2 scrolls of magic mapping
 e - a scroll of noise
 i - a scroll of vulnerability
 m - a scroll of immolation
Comestibles
 a - 2 bread rations
 j - a royal jelly
 n - 3 mutagenic chunks of flesh


   Skills:
 - Level 3.0(2.8) Fighting
 + Level 9.7(9.5) Stealth
 + Level 7.6(7.5) Unarmed Combat


You had 7 spell levels left.
You didn't know any spells.

Dungeon Overview and Level Annotations

Branches:
Dungeon (5/15)             Temple (1/1) D:4

Altars:
Cheibriados
Gozag
Okawaru
Qazlal
Ru
Sif Muna
Trog
The Shining One

Shops:
D:5 =[(   D:7 [

Annotations:
D:5 MDvedh's ghost, novice MiAK


Innate Abilities, Weirdness & Mutations

You cannot wear most types of armour.
You are amphibious.
You can wear up to eight rings at the same time.
You can use your tentacles to constrict eight enemies at once.
Your skin changes colour to match your surroundings (Stealth).
Your rubbery body absorbs attacks (AC +1).
You cannot study or use magical devices.
You cannot train Dodging skill.
You are surrounded by a mild repulsion field (EV +2).
You are weak. (Str -2)
Your spells are a little easier to cast, but a little less powerful.


Message History

* * * LOW HITPOINT WARNING * * *
The gnoll closely misses you.
You tentacle-slap the gnoll but do no damage.
Your grab misses the gnoll. The gnoll hits you with a spear.
* * * LOW HITPOINT WARNING * * *
Unknown command.
Unknown command.
You closely miss the gnoll. You grab the gnoll. You constrict the gnoll.
The gnoll hits you with a spear.
* * * LOW HITPOINT WARNING * * *
The gnoll is stunned by your will and fails to attack.
The adder zombie misses you.
Unknown command.
Unknown command.
You tentacle-slap the gnoll. Your grab misses the gnoll.
The gnoll is lightly wounded.
You constrict the gnoll. The gnoll hits you with a spear.
* * * LOW HITPOINT WARNING * * *
The gnoll hits you with a halberd!
You die...

#)........#
#..........
#........#
#........#
#.....(..#
#....#####
#..g.#
##ggZ#
#.@.# #...#
#...# #...#
#####


You could see 3 gnolls and an adder zombie.

Vanquished Creatures
  The ghost of Fabri the Brilliant, a novice DDAr of Pakellas (D:7)
  A sky beast (D:5)
  A giant frog (D:4)
  A gnoll sergeant (D:7)
  2 crimson imps
  An orc priest (D:3)
  A worker ant (D:7)
  The ghost of M4edhros the Insei, a weakling OpMo (D:4)
  7 adders
  A shadow imp (D:5)
  3 worms
  2 giant geckos
  12 orcs
  2 giant cockroaches
  5 goblins
  2 jackals (D:2)
  3 kobolds
  A quokka (D:3)
  5 bats
  2 giant newts (D:3)
  5 rats
59 creatures vanquished.

Notes
Turn   | Place    | Note
--------------------------------------------------------------
     0 | D:1      | M4edhros the Octopode Monk began the quest for the Orb.
     0 | D:1      | Reached XP level 1. HP: 16/16 MP: 1/1
   119 | D:2      | Reached XP level 2. HP: 21/21 MP: 2/2
   238 | D:3      | Reached XP level 3. HP: 24/26 MP: 3/3
   277 | D:4      | Noticed an ogre
   305 | D:4      | Noticed a giant frog
   317 | D:4      | Killed a giant frog
   317 | D:4      | Reached skill level 5 in Stealth
   317 | D:4      | Reached skill level 5 in Unarmed Combat
   317 | D:4      | Reached XP level 4. HP: 14/31 MP: 4/4
   318 | D:4      | Noticed M4edhros's ghost (weakling OpMo)
   326 | D:4      | Killed M4edhros's ghost
   330 | D:4      | Reached XP level 5. HP: 17/36 MP: 5/5
   462 | D:4      | Found a staircase to the Ecumenical Temple.
   471 | Temple   | Entered the Ecumenical Temple
   529 | Temple   | Became a worshipper of Ru the Awakened
   538 | Temple   | Gained mutation: You cannot train Dodging skill. [Ru sacrifice]
   538 | Temple   | Reached * piety under Ru
   538 | Temple   | Reached ** piety under Ru
   959 | D:2      | Found a faded altar to an unknown god.
  1373 | D:3      | Reached skill level 6 in Stealth
  1614 | D:3      | Reached XP level 6. HP: 8/42 MP: 6/6
  1763 | D:5      | Entered Level 5 of the Dungeon
  1772 | D:5      | Found Ostraac's Weapon Shoppe.
  1854 | D:5      | Found Xobb's Armour Emporium.
  1863 | D:5      | Gained mutation: You cannot study or use magical devices. [Ru sacrifice]
  1863 | D:5      | Reached *** piety under Ru
  1863 | D:5      | Reached **** piety under Ru
  1863 | D:5      | Reached ***** piety under Ru
  1936 | D:5      | Noticed a sky beast
  1943 | D:5      | Noticed MDvedh's ghost (novice MiAK)
  1944 | D:5      | Killed a sky beast
  1944 | D:5      | Reached skill level 7 in Stealth
  1973 | D:5      | Found Zeagiy's Jewellery Shop.
  2006 | D:5      | You fall through a shaft for 2 floors!
  2006 | D:7      | Noticed Fabri's ghost (novice DDAr)
  2049 | D:7      | Gained mutation: Your spells are a little easier to cast, but a little less powerful. [potion of mutation]
  2049 | D:7      | Gained mutation: You are weak. (Str -2) [potion of mutation]
  2051 | D:7      | Reached XP level 7. HP: 13/46 MP: 5/7
  2055 | D:7      | Killed Fabri's ghost
  2055 | D:7      | Reached skill level 9 in Stealth
  2055 | D:7      | Reached XP level 8. HP: 15/52 MP: 0/8
  2093 | D:7      | Gained mutation: You are surrounded by a mild repulsion field (EV +2). [mutagenic meat]
  2100 | D:7      | Found Toled's Antique Armour Emporium.
  2111 | D:7      | HP: 1/52 [gnoll/spear (4)]
  2111 | D:7      | Mangled by a gnoll

Vault maps used:
D:1:      matt_arrival_spirals
D:2:      lemuel_zombie_altar_yredelemnul, first_bread, ecumenical_altar_1
D:5:      serial_shops, kennysheep_mini, shop, nicolae_shop_crystal,
          nicolae_shop_temple_entry_statues_fountains, dk_rats_in_the_wall
D:7:      lemuel_doored_altar, old_standard_altar, serial_shops, shop_statue
Temple:   jpeg_temple_alley_garden_8

Action                   |  1- 3 |  4- 6 |  7- 9 || total
-------------------------+-------+-------+-------++-------
Melee: Unarmed           |    17 |   122 |     7 ||   146
Throw: Stone             |       |     1 |       ||     1
Invok: Sacrifice Nimblen |       |     1 |       ||     1
       Power Leap        |       |     2 |     2 ||     4
       Sacrifice Artific |       |     1 |       ||     1
       Draw Out Power    |       |       |     1 ||     1
  Use: Potion            |     2 |     8 |     1 ||    11
       Scroll            |       |     8 |       ||     8
 Stab: Sleeping          |     2 |    18 |       ||    20
       Invisible         |       |     5 |       ||     5
  Eat: Chunk             |       |     3 |     1 ||     4
